 Dungeon Crawl Stone Soup version 0.30.1-4-g462c640d31 (webtiles) character file.

Game seed: 7366949454095605200

4 croobank the Sneak (level 1, -3/16 HPs)
             Began as an Octopode Delver on Sept 15, 2023.
             Killed from afar by a white imp (8 damage)
             ... with a puff of frost
             ... on level 5 of the Dungeon.
             The game lasted 00:00:29 (32 turns).

croobank the Sneak (Octopode Delver)                  Turns: 32, Time: 00:00:29

Health: -3/16      AC:  1    Str: 11    XL:     1   Next: 60%
Magic:  1/1        EV: 13    Int: 12    God:
Gold:   0          SH:  0    Dex: 13    Spells: 0/0 levels left

rFire   . . .        a - +0 short sword
rCold   . . .        (no shield)
rNeg    . . .        (helmet restricted)
rPois   .            (no amulet)
rElec   .            (no ring)
rCorr   .            (no ring)
SInv    .            (no ring)
Will    .....        (no ring)
Stlth   ++++         (no ring)
HPRegen 0.22/turn    (no ring)
MPRegen 0.07/turn    (no ring)
                     (no ring)

%: no passive effects
@: no status effects
A: almost no armour, amphibious, 8 rings, camouflage 1, gelatinous body 1,
(nimble swimmer 1), tentacles
a: no special abilities


You were on level 5 of the Dungeon.
You visited 1 branch of the dungeon, and saw 1 of its levels.

Inventory:

Hand Weapons
 a - a +0 short sword (weapon)
 b - a +0 arbalest
Wands
 f - a wand of digging (3)
Scrolls
 c - a scroll of magic mapping
 g - a scroll of fog
Potions
 e - a potion of haste


   Skills:
 + Level 3.0 Fighting
 + Level 2.1 Short Blades
 + Level 2.1 Dodging
 + Level 6.6 Stealth


You couldn't memorise any spells.
You didn't know any spells.
Your spell library was empty.

Dungeon Overview and Level Annotations

Branches:
Dungeon (5/15)
 Temple: D:4-7

Altars:

Shops:
D:5 (


Innate Abilities, Weirdness & Mutations

You cannot wear most types of armour.
You are amphibious.
You can wear up to eight rings at the same time.
Your skin changes colour to match your surroundings (Stealth+).
Your rubbery body absorbs attacks. (AC +1, EV +1)
((You are camouflaged when in or above water. (Stealth+)))
You have tentacles for arms and can constrict up to eight enemies at once.


Message History

You can access your shopping list by pressing '$'.
Found a pair of gloves.
An orc comes into view. It is wielding a +0 falchion.
You shoot a bolt. The bolt hits the orc.
The orc shouts!
The orc is heavily wounded.
Something shouts, "Beg for mercy, thou dissembling weeb-spouting whey-face!"
You hear a shout!
You hear a bark!
You hear a shout!
An orc comes into view.
It is wielding a +1 hand axe of flaming.
You shoot a bolt. The orc shouts!
The bolt hits the orc!
You kill the orc!
A scorpion comes into view.
You shoot a bolt. The bolt hits the orc.
The orc is heavily wounded.
A hound comes into view.
The orc throws a boomerang.
The boomerang misses you.
A white imp comes into view.
You shoot a bolt. The bolt closely misses the orc.
The bolt barely misses the scorpion.
The orc throws a boomerang.
The boomerang misses you.
You shoot a bolt. The bolt hits the orc.
You kill the orc!
You shoot a bolt. The bolt closely misses the scorpion.
The hound closely misses you.
You shoot a bolt. The bolt hits the scorpion!
The scorpion is heavily wounded.
The hound barely misses you. The scorpion completely misses you.
The hound bites you. The scorpion stings you. The hound closely misses you.
The scorpion barely misses you.
You are too injured to fight recklessly!
As you read the scroll of fear, it crumbles to dust.
You assume a fearsome visage.
The scorpion looks frightened!
The hound looks frightened!
a - a +0 short sword (weapon)
The white imp gestures at you. The puff of frost hits you!
Ouch! That really hurt!
You die...

#.# #.# #####[###
#.∩.....#
###..##.#.########
....###..........#
###.#
###.######.### #.#
#........5h# #.#
########@#.# #>#
#.# # #..# #s#
#..# #)# #..# #.#
#... .)# ..... ##[
..... . ......


You could see a scorpion (fleeing), a hound (fleeing) and a white imp.

Vanquished Creatures
  2 orcs (D:5)
2 creatures vanquished.

Notes
Turn   | Place    | Note
-------+----------+-------------------------------------------
     0 | D:5      | croobank the Octopode Delver began the quest for the Orb.
     0 | D:5      | Reached XP level 1. HP: 16/16 MP: 1/1
    25 | D:5      | Noticed a scorpion
    26 | D:5      | Noticed a hound
    32 | D:5      | Killed from afar by a white imp

Illustrated notes

Levels and vault maps discovered:
D:5:      layout_loops_ring, serial_shops, shop, uniq_ijyb

Action                     || total
---------------------------++-------
   Fire: Arbalest          ||     7
    Use: Scroll            ||     1
  Dodge: Dodged            ||     7
